 Dungeon Crawl Stone Soup version 0.31.0-32-g396128a36d (webtiles) character file.

Game seed: 2089586468234964374

30 PaiMei the Grave Robber (level 3, -1/24 HPs)
             Began as a Demonspawn Necromancer on Apr 10, 2024.
             Slain by Sigmund
             ... wielding a +2 scythe of protection
              (13 damage)
             ... on level 2 of the Dungeon.
             The game lasted 00:01:31 (1280 turns).

PaiMei the Grave Robber (Demonspawn Necromancer)    Turns: 1280, Time: 00:01:32

Health: -1/24      AC:  2    Str:  8    XL:     3   Next: 3%
Magic:  6/6        EV: 12    Int: 17    God:
Gold:   44         SH:  0    Dex: 13    Spells: 5/6 levels left

rFire   . . .        g - +3 dagger (drain)
rCold   . . .        (no shield)
rNeg    . . .        a - +0 robe
rPois   .            (helmet restricted)
rElec   .            (no cloak)
rCorr   .            (no gloves)
SInv    .            (no boots)
Will    .....        (no amulet)
Stlth   ++           (no ring)
HPRegen 0.24/turn    (no ring)
MPRegen 0.10/turn

%: no passive effects
@: no status effects
A: horns 1
a: no special abilities


You were on level 2 of the Dungeon.
You visited 1 branch of the dungeon, and saw 2 of its levels.

You collected 44 gold pieces.

Inventory:

Hand Weapons
 c - a +0 dagger
 g - a +3 dagger of draining (weapon)
Armour
 a - a +0 robe (worn)
Scrolls
 e - a scroll of blinking {unknown}
Potions
 b - a potion of magic
 d - a potion of degeneration {unknown}
 f - a potion of lignification {unknown}
 h - a potion of cancellation {unknown}


   Skills:
 + Level 2.2 Dodging
 + Level 2.2 Stealth
 + Level 2.3 Spellcasting
 + Level 4.6 Necromancy


You had 5 spell levels left.
You knew the following spells:

 Your Spells              Type           Power      Damage    Failure   Level
a - Necrotise             Necr           68%        1d7       2%          1

Your spell library contained the following spells:

 Spells                   Type           Power      Damage    Failure   Level
 Vampiric Draining        Necr           17%        2d7       9%          3
 Animate Dead             Necr           17%        N/A       26%         4
 Martyr's Knell           Necr/Summ      9%         N/A       56%         4
 Curse of Agony           Necr           17%        N/A       58%         5


Dungeon Overview and Level Annotations

Branches:
Dungeon (2/15)

Altars:
Jiyva

Annotations:
D:1 2 runed translucent doors
D:2 Sigmund


Innate Abilities, Weirdness & Mutations

You have a pair of small horns on your head.


Message History

The hobgoblin hits your bat skeleton.
Your bat skeleton hits the hobgoblin but does no damage.
Found a scroll labelled UXKETASAKO.
Your bat skeleton closely misses the hobgoblin.
Your bat skeleton hits the hobgoblin but does no damage.
The hobgoblin hits your bat skeleton.
Your bat skeleton misses the hobgoblin.
Your bat skeleton completely misses the hobgoblin.
Your bat skeleton hits the hobgoblin.
The hobgoblin hits your bat skeleton.
Your bat skeleton is destroyed!
Found a pair of gloves.
You see here a +0 pair of gloves.
Sigmund casts a spell at you. You resist with significant effort.
Sigmund casts a spell at you.
You are confused.
You bump into the rock wall.
Sigmund casts a spell at you.
You are more confused.
You bump into the rock wall.
Sigmund points at you and mumbles some strange words.
The magic dart hits you!
Ouch! That really hurt!
You bump into the rock wall.
You bump into the rock wall.
You bump into the rock wall.
Sigmund points at you and mumbles some strange words.
You resist with significant effort.
You bump into the rock wall.
You bump into the rock wall.
Sigmund casts a spell.
Sigmund flickers and vanishes!
Deactivating autopickup; reactivate with Ctrl-A.
You bump into the rock wall.
Something hits you.
You bump into the rock wall.
You feel less confused.
There is a stone staircase leading up here.
Something hits you!
Ouch! That really hurt!
You die...

#################
#...@...........###
#.########....[...# #
#.###### #.####.#.# #.
#.##...# #.# #.# #
#..#?##...###.####.#
#.......@..........#
#....##....##.##.#.#
#..#.##....##.##...#..#
....$.......g@...@..?.....


There were no monsters in sight!

Vanquished Creatures
  A dart slug (D:1)
  2 bats
  5 endoplasms (D:1)
  A giant cockroach (D:1)
  3 hobgoblins (D:1)
  A quokka (D:1)
  3 ball pythons (D:1)
  3 frilled lizards (D:1)
  4 goblins (D:1)
  A kobold (D:1)
  A rat (D:1)
25 creatures vanquished.

Notes
Turn   | Place    | Note
-------+----------+-------------------------------------------
     0 | D:1      | PaiMei the Demonspawn Necromancer began the quest for the
                  | Orb.
     0 | D:1      | Reached XP level 1. HP: 13/13 MP: 3/3
    27 | D:1      | Found a large runed translucent door.
    27 | D:1      | Found a large runed translucent door.
   180 | D:1      | Noticed a jelly
   181 | D:1      | Noticed a jelly
   182 | D:1      | Found a viscous altar of Jiyva.
   182 | D:1      | Noticed a jelly
   182 | D:1      | Noticed a jelly
   183 | D:1      | Noticed a jelly
   183 | D:1      | Noticed a jelly
   183 | D:1      | Noticed a jelly
   281 | D:1      | Gained mutation: You have a pair of small horns on your
                  | head. [demonic ancestry]
   281 | D:1      | Reached XP level 2. HP: 19/19 MP: 1/5
   867 | D:1      | Reached XP level 3. HP: 24/24 MP: 1/6
  1231 | D:2      | Noticed Sigmund
  1280 | D:2      | Slain by Sigmund

Illustrated notes

Levels and vault maps discovered:
D:1:      erik_arrival_cave_to_civilisation [erik_arrival_cave_to_temple],
          layout_basic
D:2:      cheibrodos_pilgrimage, layout_basic, interstate_on_off, uniq_natasha,
          uniq_terence, uniq_sigmund

Skill      XL: |  1 |
---------------+----+-----
Dodging        | 2 |  2.2
Stealth        | 2 |  2.2
Spellcasting   | |  2.3
Necromancy     | |  4.6

Action                     || total
---------------------------++-------
  Melee: Unarmed           ||    21
   Cast: Necrotise         ||    38
 Armour: Robe              ||    14
  Dodge: Dodged            ||    15
